Map: [ESL] Data-C

Players

LiquidElazer (Elazer)

  • Race: Zerg Zerg
  • League: Master
  • Spawn Location: 3:00

LiquidClem (Clem) - Winner!

  • Race: Terran Terran
  • League: Master
  • Spawn Location: 9:00

VOD

Have the link to the VOD?

Description

Time

  • Played on: Nov. 3, 2022, 10:38 a.m.
  • Length: 18:53
Show
View Real Time Build Order
Export as new Build Order

LiquidElazer Zerg 

Build Orders: Hatch First 

Get SALT Encoding   

  12  0:00  Drone  
  13  0:12  Overlord  
  13  0:16  Drone  
  14  0:30  Drone x2  
  16  0:48  Hatchery  
  15  0:51  Drone  
  15  0:55  Drone  
  17  0:58  Drone  
  18  1:08  Extractor  
  17  1:13  Spawning Pool  
  17  1:17  Drone  
  17  1:20  Drone  
  18  1:28  Drone  
  19  1:39  Drone  
  20  1:49  Drone  
  21  1:59  Queen x2  
  21  2:00  Zergling x4  
  27  2:11  Drone, Overlord  
  27  2:12  Metabolic Boost  
  28  2:29  Hatchery  
  27  2:33  Drone x2  
  27  2:36  Drone  
  29  2:41  Drone  
  30  2:45  Queen  
  32  2:51  Overlord  
  32  2:54  Drone  
  32  2:56  Drone  
  34  3:05  Drone  
  35  3:06  Overlord  
  35  3:10  Drone  
  35  3:11  Drone x3  
  39  3:17  Queen  
  41  3:22  Queen  
  43  3:29  Drone x2  
  43  3:30  Overlord  
  43  3:31  Zergling x2  
  46  3:40  Drone x4  
  50  3:43  Queen  
  52  3:50  Drone x3  
  52  3:53  Queen  
  57  3:58  Zergling x6  
  57  4:02  Overlord  
  60  4:03  Drone  
  60  4:04  Drone  
  62  4:15  Drone x4  
  66  4:19  Queen  
  66  4:22  Drone x3  
  71  4:25  Drone x3  
  74  4:32  Overlord  
  74  4:33  Lair  
  74  4:39  Overlord  
  74  4:41  Extractor  
  74  4:42  Baneling Nest, Queen  
  74  4:43  Overlord  
  74  4:51  Spore Crawler  
  74  4:52  Zergling x16  
  81  4:53  Spore Crawler  
  81  4:59  Drone  
  81  5:04  Hatchery  
  81  5:06  Drone x3  
  81  5:09  Drone x2  
  81  5:11  Drone  
  81  5:13  Drone x2  
  85  5:18  Drone x2  
  86  5:21  Drone x2  
  86  5:26  Drone x2  
  85  5:35  Overseer, Drone x2, Extractor  
  86  5:40  Overlord  
  86  5:41  Zergling x6  
  89  5:45  Drone  
  89  5:46  Extractor  
  89  5:50  Drone x2  
  89  5:54  Overlord  
  89  5:56  Centrifugal Hooks  
  91  5:58  Evolution Chamber x2  
  91  6:00  Drone  
  91  6:02  Drone  
  91  6:07  Drone x3  
  91  6:11  Drone x4  
  98  6:12  Hatchery  
  98  6:15  Drone  
  98  6:21  Overlord  
  98  6:24  Drone x4  
  98  6:25  Zerg Ground Armor Level 1, Zerg Melee Weapons Level 1  
  102  6:32  Overlord  
  102  6:34  Zergling x14  
  102  6:37  Pneumatized Carapace  
  102  6:38  Hatchery, Burrow  
  108  6:40  Overlord  
  108  6:43  Drone x4  
  108  6:44  Spore Crawler  
  111  6:48  Overlord x2  
  111  6:52  Zergling x2  
  111  6:53  Zergling x12  
  118  6:57  Baneling  
  118  6:58  Baneling x7  
  118  7:01  Zergling x12  
  124  7:06  Baneling x4  
  124  7:07  Zergling x10  
  129  7:09  Overlord  
  129  7:15  Zergling x10  
  133  7:18  Zergling x6  
  133  7:19  Baneling x5  
  135  7:25  Zergling x8  
  134  7:30  Zergling x8  
  134  7:36  Overlord  
  131  7:38  Drone x6  
  131  7:43  Drone  
  138  7:46  Drone x2  
  138  7:47  Drone x2  
  141  7:55  Zergling x10  
  120  7:58  Zergling x12  
  120  8:00  Baneling x7  
  120  8:05  Zergling x4  
  128  8:11  Zergling x2  
  128  8:12  Zergling x16  
  133  8:17  Zergling x12  
  136  8:27  Zergling x14  
  136  8:29  Zergling x10  
  136  8:32  Zerg Melee Weapons Level 2, Zerg Ground Armor Level 2  
  141  8:35  Zergling x10  
  141  8:36  Spore Crawler  
  141  8:37  Spore Crawler, Baneling x6  
  141  8:38  Baneling x5  
  143  8:41  Zergling x18  
  150  8:49  Zergling x10  
  145  8:58  Zergling x20  
  137  9:04  Zergling x2  
  137  9:08  Zergling x2  
  137  9:09  Zergling x12  
  140  9:10  Baneling x5  
  140  9:15  Zergling x4  
  142  9:17  Overlord  
  142  9:21  Spine Crawler  
  142  9:22  Spine Crawler x2  
  142  9:23  Spine Crawler x2  
  136  9:24  Spine Crawler  
  136  9:27  Zergling x24  
  136  9:30  Baneling x5  
  147  9:32  Spine Crawler  
  147  9:33  Infestation Pit  
  147  9:34  Drone x2  
  147  9:35  Drone  
  147  9:38  Overseer  
  147  9:41  Zergling x10  
  152  9:46  Zergling x12  
  152  9:47  Zergling x10  
  152  9:48  Baneling x7  
  163  9:54  Zergling x2  
  163  9:55  Zergling x14  
  163  9:56  Overseer  
  171  10:03  Zergling x2  
  171  10:04  Zergling x10  
  165  10:12  Zergling x24  
  160  10:17  Zergling x6  
  162  10:23  Hive  
  162  10:25  Drone x4  
  160  10:29  Zergling x2  
  160  10:30  Zergling x14  
  160  10:32  Spore Crawler  
  160  10:33  Spore Crawler  
  160  10:35  Spine Crawler x2  
  165  10:42  Zergling x12  
  166  10:49  Zergling x8  
  146  10:57  Drone  
  146  10:58  Drone x10, Spine Crawler x3  
  146  10:59  Spine Crawler  
  146  11:00  Baneling x15  
  152  11:06  Zergling x18  
  152  11:11  Zergling x4  
  160  11:17  Zergling x6  
  159  11:22  Zergling x10  
  164  11:29  Zergling x10  
  164  11:30  Extractor  
  164  11:31  Extractor  
  158  11:40  Zerg Ground Armor Level 3, Zerg Melee Weapons Level 3  
  158  11:41  Adrenal Glands  
  158  11:42  Zergling x4  
  158  11:43  Zergling x10  
  162  11:48  Drone  
  162  11:49  Drone  
  162  11:52  Spore Crawler  
  162  11:53  Spore Crawler  
  142  11:54  Zergling x8  
  142  11:59  Zergling x32  
  142  12:00  Zergling x2  
  154  12:02  Baneling x5  
  154  12:03  Baneling  
  154  12:04  Zergling x2  
  150  12:10  Zergling x12  
  146  12:15  Baneling  
  146  12:18  Drone x2  
  146  12:19  Zergling x4, Spine Crawler  
  146  12:21  Spine Crawler  
  143  12:25  Zergling x6, Baneling x10  
  142  12:35  Zergling x12  
  141  12:42  Zergling x10  
  141  12:44  Baneling x11  
  146  12:51  Zergling x14  
  153  12:56  Zergling x2  
  153  12:57  Zergling x2  
  149  13:03  Zergling x16  
  149  13:04  Zergling x4  
  146  13:11  Zergling x2  
  146  13:12  Zergling x10, Baneling  
  141  13:13  Baneling x7  
  141  13:15  Baneling x11  
  141  13:18  Zergling x16  
  147  13:24  Zergling x2  
  147  13:25  Zergling x10  
  144  13:33  Zergling x16  
  139  13:38  Zergling x2  
  139  13:39  Zergling x4  
  139  13:40  Queen x2  
  140  13:45  Zergling x6  
  140  13:46  Zergling x10  
  148  13:49  Spine Crawler  
  148  13:51  Spore Crawler  
  144  13:56  Zergling x10  
  144  13:58  Baneling x3  
  144  13:59  Baneling x8  
  149  14:04  Drone x2  
  149  14:09  Zergling x10  
  145  14:17  Zergling x10  
  145  14:20  Baneling x9  
  145  14:25  Zergling x6  
  145  14:27  Zergling x6  
  151  14:37  Zergling x8  
  150  14:44  Zergling x2  
  150  14:45  Zergling x8  
  147  14:51  Drone  
  148  14:53  Drone x3  
  151  15:04  Zergling x12  
  154  15:12  Baneling  
  154  15:13  Zergling x24, Baneling x4  
  158  15:20  Zergling x10  
  146  15:24  Zergling x4  
  146  15:27  Zergling x4  
  145  15:30  Zergling x10  
  145  15:34  Spine Crawler  
  145  15:35  Spine Crawler  
  147  15:36  Spine Crawler  
  147  15:39  Zergling x10  
  147  15:40  Baneling x13  
  152  15:42  Zergling x4  
  152  15:43  Zergling x8  
  152  15:44  Hatchery  
  152  15:50  Zergling x4  
  134  16:00  Zergling x16  
  141  16:07  Zergling x10  
  146  16:12  Overseer  
  146  16:15  Drone x6  
  146  16:16  Hatchery  
  141  16:22  Zergling x4  
  134  16:27  Drone x2  
  134  16:28  Drone  
  134  16:31  Baneling  
  134  16:32  Baneling x4  
  132  16:33  Zergling x4  
  132  16:41  Overseer  
  132  16:42  Overseer  
  131  16:47  Spore Crawler  
  131  16:48  Spine Crawler  
  131  16:52  Zergling x2  
  131  16:53  Zergling x14  
  137  16:58  Zergling x6  
  139  17:03  Spine Crawler  
  139  17:07  Zergling x12  
  129  17:09  Overseer x2  
  129  17:12  Zergling x2  
  128  17:20  Zergling x8  
  132  17:28  Overlord x2  
  130  17:33  Zergling x10  
  130  17:34  Zergling x4  
  123  17:40  Zergling x12  
  116  17:46  Zergling x8  
  116  17:49  Zergling x2  
  116  17:50  Zergling x2  
  118  17:54  Zergling x6  
  118  17:56  Zergling x4  
  118  17:57  Zergling x2  
  114  18:04  Zergling x2  
  114  18:05  Zergling x8  
  119  18:08  Zergling x2  
  119  18:09  Zergling x4  
  101  18:14  Zergling x6  
Show
View Real Time Build Order
Export as new Build Order

LiquidClem Terran - Winner!

Build Orders: Reaper Expand, Hellion Banshee 

Get SALT Encoding   

  12  0:00  SCV  
  13  0:12  SCV  
  14  0:17  Supply Depot  
  14  0:24  SCV  
  15  0:39  SCV  
  15  0:40  Barracks  
  16  0:43  Refinery  
  16  0:51  SCV  
  17  1:03  SCV  
  18  1:15  SCV  
  19  1:27  Reaper, Orbital Command  
  20  1:40  Command Center  
  20  1:48  Supply Depot  
  20  1:53  SCV  
  21  1:59  Marine  
  22  2:05  SCV  
  23  2:11  Factory  
  23  2:17  SCV  
  23  2:20  Barracks Reactor  
  24  2:29  SCV  
  25  2:40  Command Center  
  25  2:43  SCV  
  26  2:53  Orbital Command  
  26  2:55  SCV  
  27  3:01  Starport  
  27  3:06  Refinery  
  27  3:08  SCV  
  28  3:13  Hellion  
  28  3:17  Hellion  
  28  3:19  SCV  
  33  3:21  SCV  
  33  3:24  Barracks Tech Lab  
  34  3:31  SCV  
  34  3:34  SCV  
  36  3:36  Hellion  
  36  3:38  Hellion  
  40  3:43  SCV  
  40  3:45  Banshee  
  44  3:49  SCV  
  45  3:55  Orbital Command  
  45  3:56  SCV  
  45  3:57  Cloaking Field  
  45  4:00  Hellion  
  45  4:02  SCV  
  49  4:03  Hellion  
  49  4:09  Supply Depot, SCV  
  52  4:13  Barracks Tech Lab  
  52  4:14  SCV  
  53  4:21  SCV x2  
  57  4:24  Hellion  
  57  4:25  Hellion  
  57  4:26  SCV  
  60  4:32  Supply Depot, Banshee  
  60  4:33  SCV x2  
  60  4:38  Stimpack  
  65  4:39  SCV  
  65  4:41  Orbital Command  
  65  4:42  Barracks  
  66  4:45  SCV  
  66  4:46  Barracks  
  66  4:51  SCV  
  66  4:52  Refinery, Marine  
  69  4:56  Refinery  
  69  4:57  Factory Reactor  
  69  4:58  Supply Depot, SCV  
  70  5:03  SCV  
  70  5:04  Engineering Bay  
  70  5:05  Engineering Bay  
  71  5:07  SCV  
  71  5:10  SCV, Marine  
  71  5:13  Supply Depot  
  72  5:15  SCV  
  71  5:26  SCV x2, Barracks  
  71  5:27  Barracks  
  71  5:28  Marine  
  72  5:35  Terran Infantry Weapons Level 1  
  69  5:37  SCV, Terran Infantry Armor Level 1  
  69  5:38  Starport Reactor  
  69  5:39  SCV  
  71  5:45  Marine  
  71  5:46  SCV  
  71  5:49  SCV  
  74  5:51  Factory Reactor  
  74  5:53  Marine  
  74  5:54  SCV  
  74  5:55  Supply Depot, Marine x2  
  74  5:56  Marine  
  79  6:00  Supply Depot  
  79  6:02  SCV  
  79  6:03  SCV, Marine  
  82  6:07  SCV  
  82  6:11  Marine  
  83  6:13  Marine x2  
  83  6:14  SCV  
  83  6:15  SCV  
  83  6:16  Medivac  
  83  6:17  Medivac  
  83  6:18  Barracks Reactor, Combat Shield  
  92  6:19  Barracks Reactor  
  92  6:20  SCV  
  92  6:23  Supply Depot  
  92  6:25  Marine  
  94  6:26  SCV  
  94  6:27  SCV, Factory  
  94  6:29  Marine x2  
  94  6:31  Marine x2  
  94  6:32  SCV  
  101  6:37  Refinery  
  101  6:38  SCV  
  101  6:39  SCV  
  103  6:41  Widow Mine x2  
  103  6:43  Marine  
  103  6:44  SCV  
  103  6:45  Supply Depot  
  103  6:46  Armory  
  109  6:47  Marine x2  
  109  6:49  Marine  
  109  6:52  Marine  
  113  6:57  Marine x3  
  113  6:58  Command Center  
  113  6:59  Marine  
  117  7:05  Supply Depot x2  
  117  7:06  Medivac x2  
  117  7:07  Widow Mine x2  
  125  7:21  Supply Depot  
  125  7:25  Marine x6  
  125  7:26  Marine  
  125  7:27  Widow Mine, Marine  
  125  7:28  Widow Mine, Marine  
  128  7:34  SCV x2  
  128  7:35  SCV, Widow Mine  
  133  7:39  Supply Depot, Terran Infantry Weapons Level 2  
  133  7:42  Marine x2  
  133  7:43  Marine x4  
  139  7:44  Terran Infantry Armor Level 2, Marine  
  139  7:45  Marine  
  139  7:46  Drilling Claws  
  139  7:48  Widow Mine  
  143  7:53  Widow Mine  
  143  7:54  Marine  
  143  7:56  Medivac  
  143  7:57  Widow Mine  
  139  8:00  Marine  
  140  8:06  Barracks x2, SCV  
  140  8:09  Barracks  
  141  8:17  Widow Mine, Marine x3  
  141  8:19  SCV, Medivac  
  146  8:21  Widow Mine x2  
  146  8:22  Marine  
  146  8:23  Marine  
  146  8:25  Medivac  
  154  8:34  Marine x4  
  151  8:37  Terran Vehicle And Ship Armor Level 1, SCV  
  151  8:38  SCV x2, Widow Mine  
  156  8:42  Supply Depot, Widow Mine x2  
  156  8:44  SCV  
  156  8:46  Sensor Tower  
  156  8:48  Marine  
  155  8:49  Marine  
  147  8:59  Medivac  
  147  9:00  Viking, Widow Mine, Marine  
  147  9:02  Marine  
  144  9:03  Widow Mine, Marine  
  144  9:04  Marine x2  
  144  9:05  Barracks Tech Lab x3, Marine  
  144  9:06  Marauder, Marine  
  144  9:08  Marine  
  147  9:10  Planetary Fortress  
  147  9:15  Widow Mine  
  149  9:18  Marine  
  149  9:20  SCV x3, Marine  
  149  9:21  Marine x2  
  149  9:24  Concussive Shells  
  156  9:25  Widow Mine  
  156  9:29  Medivac, Marine x2  
  156  9:30  Marauder  
  164  9:32  SCV x2  
  164  9:35  Refinery, Command Center  
  164  9:38  Marauder x2  
  170  9:39  Widow Mine  
  170  9:43  Marauder, Marine  
  170  9:44  Marine x2  
  177  9:46  Marine x3  
  180  9:55  Widow Mine  
  180  10:02  Medivac, Widow Mine  
  180  10:03  Medivac, Marauder  
  180  10:04  Marauder  
  180  10:06  Marauder x2, Marine  
  180  10:07  Widow Mine  
  180  10:08  Marine  
  180  10:13  Marine  
  172  10:16  Widow Mine  
  172  10:17  Marine  
  172  10:20  Marine  
  171  10:24  Widow Mine, Marauder  
  171  10:25  Marauder  
  171  10:27  Marauder  
  179  10:32  Marauder  
  179  10:33  Widow Mine, Marine  
  179  10:34  Marine  
  180  10:38  Marine  
  180  10:39  Widow Mine, Marine  
  180  10:40  Marine x2  
  180  10:42  Marine  
  180  10:47  Widow Mine, Marauder x2, Marine  
  180  10:48  Marauder  
  183  10:51  Marine x2  
  183  10:54  Marauder  
  183  10:55  Widow Mine, Marine  
  183  10:56  Marine  
  174  10:58  Marine x2  
  174  11:00  Widow Mine, Marine  
  174  11:01  Command Center  
  174  11:04  Medivac, Marine  
  179  11:08  Marine  
  179  11:09  Widow Mine, Marauder x2, Marine  
  179  11:10  Marauder  
  186  11:11  Ghost Academy  
  186  11:13  Marine  
  186  11:14  Marine  
  186  11:15  Marauder, Marine  
  186  11:16  Widow Mine  
  187  11:21  Marine  
  187  11:22  Widow Mine  
  190  11:29  Planetary Fortress  
  190  11:30  Widow Mine, Marauder x2  
  195  11:39  Marine  
  195  11:40  Marauder  
  195  11:50  Marine x2  
  195  11:51  Marine  
  195  11:52  Widow Mine  
  195  11:53  Widow Mine, Marine x2  
  195  11:54  Marine x2  
  195  11:55  Marauder  
  195  11:56  Marauder  
  195  11:57  Marauder, Marine  
  195  11:58  Widow Mine  
  195  11:59  Refinery  
  193  12:01  Marauder  
  193  12:02  Medivac  
  193  12:03  Medivac  
  193  12:04  Refinery  
  193  12:07  Marine x2  
  188  12:08  Marine  
  188  12:11  Marine x4  
  188  12:13  Widow Mine  
  188  12:14  Widow Mine  
  188  12:15  Marine  
  194  12:16  Marauder  
  194  12:17  Terran Infantry Weapons Level 3, Marauder  
  194  12:18  Marauder  
  194  12:22  Terran Infantry Armor Level 3, Marauder  
  195  12:25  Marine x2  
  195  12:26  Marine  
  195  12:27  Widow Mine  
  194  12:34  Widow Mine  
  194  12:36  Widow Mine  
  195  12:38  Marauder  
  195  12:39  Marauder x2  
  195  12:43  Command Center  
  195  12:44  Sensor Tower  
  199  12:54  Medivac x2  
  199  12:55  Marine x2  
  199  12:56  Marauder, Marine  
  199  12:59  Marine  
  199  13:00  SCV, Marauder  
  199  13:01  Marauder  
  199  13:03  SCV  
  173  13:07  SCV, Marine  
  173  13:09  SCV  
  173  13:12  SCV  
  166  13:13  SCV  
  166  13:14  Marine  
  166  13:15  SCV, Marine x2  
  166  13:16  Cyclone, Widow Mine  
  166  13:17  Marauder  
  166  13:19  Marauder, Marine  
  178  13:20  Marine x2  
  178  13:21  SCV x2  
  178  13:22  Marauder  
  178  13:24  Medivac  
  178  13:26  SCV  
  183  13:31  SCV  
  183  13:33  Marine  
  177  13:34  Widow Mine  
  177  13:36  Marine x2  
  177  13:38  Marauder, Marine  
  177  13:39  Marauder, Marine  
  186  13:52  Marine x2  
  186  13:53  SCV, Terran Vehicle And Ship Armor Level 2  
  186  13:54  SCV, Marine x2  
  186  13:55  Widow Mine x2, Marauder  
  195  13:59  Widow Mine, Marine  
  195  14:00  Marine  
  199  14:04  Marine  
  199  14:05  Marine x2  
  198  14:11  Marauder, Marine x2  
  198  14:16  Widow Mine  
  193  14:18  Marauder  
  193  14:23  Orbital Command x2  
  195  14:27  Missile Turret  
  195  14:29  Sensor Tower, Marine  
  195  14:30  Marauder x2  
  200  14:34  Marine x3  
  200  14:38  Marauder  
  200  14:40  Marine  
  200  14:44  SCV  
  198  14:49  Planetary Fortress  
  196  14:53  Marine  
  196  14:54  Marauder  
  196  14:56  Marine  
  200  15:03  Starport  
  200  15:05  Fusion Core  
  184  15:09  Marauder x2  
  184  15:11  Widow Mine  
  184  15:12  Medivac  
  178  15:14  Medivac  
  178  15:15  Marauder x2  
  178  15:17  Marine  
  178  15:20  Widow Mine, Marine x6  
  176  15:24  Widow Mine  
  176  15:28  Sensor Tower  
  168  15:30  Marauder x2  
  168  15:32  Widow Mine  
  168  15:34  Command Center  
  174  15:36  Marine x2  
  174  15:37  Marauder x2  
  174  15:38  SCV, Marine  
  174  15:40  Marine  
  174  15:41  Widow Mine, Starport Reactor  
  163  16:01  Widow Mine x2, Marauder  
  163  16:02  Marine  
  163  16:03  Command Center  
  163  16:05  Marine x6  
  163  16:06  Marauder  
  163  16:08  Marine x3  
  174  16:17  Medivac  
  162  16:18  Widow Mine  
  162  16:20  Marine  
  162  16:23  Marauder, Marine x4  
  154  16:26  Marauder  
  154  16:28  Liberator x2  
  154  16:32  Marauder  
  166  16:33  Widow Mine  
  166  16:35  Marine  
  166  16:36  Marauder  
  158  16:42  Widow Mine  
  158  16:43  Liberator, Marine  
  158  16:44  Marauder  
  166  16:47  Marauder  
  166  16:49  Sensor Tower  
  166  16:51  Advanced Ballistics  
  170  16:54  Widow Mine  
  170  16:56  Marauder  
  170  16:58  Widow Mine, Marauder, Marine x2  
  170  17:00  Marine x2  
  178  17:07  Widow Mine  
  167  17:17  Marauder  
  167  17:18  Planetary Fortress  
  167  17:20  Widow Mine  
  167  17:21  Marauder x2, Marine  
  175  17:23  Widow Mine  
  175  17:25  Marauder  
  175  17:27  Marine x6  
  185  17:32  SCV, Missile Turret  
  185  17:34  Liberator  
  185  17:35  Liberator  
  188  17:39  Marauder  
  188  17:40  SCV  
  188  17:41  SCV  
  188  17:42  Ghost  
  188  17:43  Marauder, Marine x2  
  191  17:46  Marauder  
  191  17:48  Marine  
  191  17:49  Widow Mine  
  192  17:51  Marine  
  192  17:56  Liberator x2, Widow Mine  
  191  17:59  Cyclone  
  191  18:00  Marauder  
  194  18:07  Marine x2  
  194  18:10  Widow Mine  
  189  18:12  Marauder  
  189  18:13  Marauder, Marine  
  189  18:16  Marine  
  185  18:17  Widow Mine  
Tags
 
Add a new tag
Caveats
  • Supply blocks, unpowered buildings, or Contaminate may cause inaccurate times.
  • Supply counts are checked every 10 seconds.